 Dungeon Crawl Stone Soup version 0.19-a0-1740-g0bcaf2e (webtiles) character file.

115 kae the Skirmisher (level 5, -1/43 HPs)
             Began as a Formicid Fighter on Oct 1, 2016.
             Killed by nerve-wracking pain
             ... invoked by Grinder
              (10 damage)
             ... on level 3 of the Dungeon.
             The game lasted 00:02:18 (1673 turns).

kae the Skirmisher (Formicid Fighter)               Turns: 1673, Time: 00:02:18

Health: -1/43      AC:  6    Str: 21    XL:     5   Next: 20%
Magic:  5/5        EV:  7    Int:  8    God:
Gold:   112        SH:  9    Dex: 10    Spells: 0 memorised, 4 levels left

rFire  . . .     SeeInvis +     a - +0 long sword
rCold  . . .     Gourm    .     b - +0 scale mail
rNeg   . . .     Faith    .     c - +0 shield
rPois  .         Spirit   .     (helmet unavailable)
rElec  .         Dismiss  .     (no cloak)
rCorr  .         Reflect  .     (no gloves)
MR     .....     Harm     .     (no boots)
Stlth  ..........               (no amulet)
                                (no ring)
                                (no ring)

@: no status effects
A: permanent stasis, dig shafts and tunnels, four strong arms, antennae 3
a: Dig, Shaft Self


You were on level 3 of the Dungeon.
You were not hungry.

You visited 1 branch of the dungeon, and saw 3 of its levels.

You collected 112 gold pieces.

Inventory:

Hand Weapons
 a - a +0 long sword (weapon)
Armour
 b - a +0 scale mail (worn)
 c - a +0 shield (worn)
Wands
 p - a wand of acid (5/15)
Scrolls
 e - a scroll of remove curse
 g - a scroll of identify
 i - a scroll of teleportation {unknown}
 n - 2 scrolls of amnesia {unknown}
 q - a scroll of noise {unknown}
 t - a scroll of magic mapping
Potions
 d - a potion of might
 h - 3 potions of curing
 l - a potion of degeneration {unknown}
 o - a potion of berserk rage {unknown}
 r - a potion of heal wounds {unknown}
 s - a potion of haste {unknown}
Comestibles
 f - a bread ration
 j - 2 meat rations
 m - a royal jelly


   Skills:
 + Level 4.3 Fighting
 * Level 4.2 Long Blades
 - Level 3.2 Armour
 - Level 3.6 Shields


You had 4 spell levels left.
You didn't know any spells.

Dungeon Overview and Level Annotations

Branches:
Dungeon (3/15)

Altars:
Cheibriados
Hepliaklqana
Yredelemnul

Annotations:
D:3 Grinder


Innate Abilities, Weirdness & Mutations

You are under a permanent stasis effect.
You can dig through walls and to a lower floor.
Your four strong arms can wield two-handed weapons with a shield.
You have a pair of large antennae on your head. (SInv)


Message History

Grinder is lightly wounded.
Grinder says, "I used to sell toenails on the black market."
Grinder hits you.
You writhe in agony.
You closely miss Grinder.
Grinder is lightly wounded.
Grinder hits you!
You writhe in agony.
You hit Grinder but do no damage.
Grinder is lightly wounded.
Grinder hits you!
You writhe in agony.
* * * LOW HITPOINT WARNING * * *
The goblin hits you but does no damage. You block Grinder's attack.
You are too injured to fight recklessly!
You are too injured to fight recklessly!
You are too injured to fight recklessly!
Unknown command.
You are too injured to fight recklessly!
You are too injured to fight recklessly!
Grinder gestures at you. Pain shoots through your body!
You die...

#.#.# ##.####.##..#
#.##.###.#####.##...
###.###.#........###.#
#...>.........#..###.#
.#.#......##.#.......
###.#.#........[#.####.#
#.....................[#
.#.#.###......#..#.######
.:....##@#.#.......#
#...g5#.......###
##.##$######.## .? >.#
#...# ## ### #...# #...#
#...# ######...######
##.............##


You could see Grinder and a goblin.

Vanquished Creatures
  Terence (D:2)
  A gnoll (D:2)
  2 adders (D:2)
  A worm (D:2)
  A dart slug (D:1)
  A leopard gecko (D:2)
  5 giant cockroaches
  5 goblins
  7 hobgoblins
  6 jackals
  7 kobolds
  A quokka (D:2)
  7 bats
  4 frilled lizards
  A leopard gecko zombie (D:3)
  4 rats
54 creatures vanquished.

Notes
Turn   | Place    | Note
-------+----------+-------------------------------------------
     0 | D:1      | kae the Formicid Fighter began the quest for the Orb.
     0 | D:1      | Reached XP level 1. HP: 18/18 MP: 1/1
    71 | D:1      | Reached XP level 2. HP: 12/24 MP: 2/2
   489 | D:1      | Reached XP level 3. HP: 29/30 MP: 3/3
   747 | D:2      | Noticed Terence
   762 | D:2      | Killed Terence
   762 | D:2      | Reached XP level 4. HP: 20/37 MP: 4/4
   919 | D:2      | Found a hazy altar of Hepliaklqana.
  1041 | D:2      | Found a snail-covered altar of Cheibriados.
  1120 | D:2      | Found a basalt altar of Yredelemnul.
  1202 | D:2      | Found a faded altar of an unknown god.
  1398 | D:2      | Reached XP level 5. HP: 30/43 MP: 5/5
  1665 | D:3      | Noticed Grinder
  1673 | D:3      | Killed from afar by Grinder

Vault maps used:
D:1:      lightli_arrival_isolated_outpost
D:2:      nicolae_overflow_hidden_temple, old_standard_altar,
          ecumenical_altar_1, yredelemnul_altar_generic, uniq_terence
D:3:      uniq_grinder

Skill      XL: |  1  2  3  4 |
---------------+-------------+-----
Long Blades    | 3 4 |  4.2
Fighting       | 4 |  4.3
Armour         | |  3.2
Shields        | |  3.6

Action                   |  1- 3 |  4- 6 || total
-------------------------+-------+-------++-------
Melee: Long sword        |    97 |   104 ||   201
 Abil: Dig               |       |     4 ||     4
  Use: Scroll            |     3 |       ||     3
  Eat: Chunk             |       |     3 ||     3
Armor: Scale mail        |    44 |    35 ||    79
Dodge: Dodged            |    30 |    30 ||    60
Block: Shield            |    57 |    44 ||   101
